AoeStats
← Dr. Oranje

Oasis

509422337Analyzed
3v3 RM · 5d ago on Sep 26, 2026· 51m 6s· 6 players
Game mode
Random Map
Map size
Normal (6 player)
Population
200
Speed
Normal
Resources
Standard
Victory
Conquest
Starting age
Dark Age
Ending age
Imperial Age
RankedLock teamsTeams togetherTeam positionsShared explorationLock speedFull tech treeHidden civsTurbo modeCheats
Victory
Defeat
🇳🇱 Mapuche · Netherlands
1232
+13
🇳🇱 Saxons · Netherlands
1227
+13
🇳🇱 Hindustanis · Netherlands
1022
+21
🇺🇸 Georgians · United States
1210
-18
🇺🇸 Vikings · United States
1140
-15
🇧🇪 Ethiopians · Belgium
1107
-14
L'arlecchino
11:35 Feudal Age
9:53 Loom
11:39 Feudal Age
15:41 Castle Age
15:35 Double-Bit Axe
15:31 Horse Collar
21:44 Stone Mining
24:33 Wheelbarrow
25:29 Gold Mining
26:40 Scale Mail Armor
26:51 Forging
27:41 Chain Mail Armor
27:14 Arson
27:59 Squires
29:59 Iron Casting
30:37 Heavy Plow
32:08 Gold Shaft Mining
37:23 Fletching
41:00 Imperial Age
40:59 Bow Saw
41:39 Hand Cart
42:34 Conscription
42:38 Bodkin Arrow
42:44 Padded Archer Armor
42:07 Crossbowman
42:52 Thumb Ring
Carleo_Intestin
0:51 Loom
Jersey_TitanX
10:15 Feudal Age
10:17 Man-at-Arms
10:47 Arson
11:11 Loom
13:11 Scale Mail Armor
14:57 Forging
16:43 Double-Bit Axe
26:00 Castle Age
25:19 Horse Collar
26:19 Town Watch
26:17 Long Swordsman
32:31 Crossbowman
36:52 Fletching
38:45 Padded Archer Armor
38:47 Gold Mining
41:14 Bow Saw
45:15 Bodkin Arrow
45:35 Leather Archer Armor
Piet Hoane
3:59 Loom
11:16 Feudal Age
11:42 Man-at-Arms
15:17 Scale Mail Armor
15:27 Forging
15:43 Fletching
16:36 Arson
21:12 Double-Bit Axe
25:11 Wheelbarrow
26:04 Horse Collar
29:31 Castle Age
27:40 Padded Archer Armor
29:49 Bloodlines
30:37 Bodkin Arrow
30:58 Leather Archer Armor
32:00 Thumb Ring
36:08 Husbandry
39:23 Ballistics
39:17 Heavy Plow
43:21 Chain Mail Armor
43:42 Iron Casting
43:17 Squires
43:03 Gambesons
44:58 Hand Cart
47:05 Guard Tower
53:38 Imperial Age
Dr. Oranje
10:03 Loom
13:02 Feudal Age
19:27 Castle Age
20:28 Wheelbarrow
19:43 Double-Bit Axe
22:40 Bow Saw
22:21 Horse Collar
24:12 Hand Cart
25:13 Heavy Plow
25:43 Stone Mining
25:44 Gold Mining
27:38 Gold Shaft Mining
33:50 Imperial Age
32:42 Stone Shaft Mining
33:30 Ballistics
36:31 Chemistry
37:22 Padded Archer Armor
37:13 Fletching
36:55 Crossbowman
38:34 Leather Archer Armor
49:28 Two-Man Saw
49:12 Spies/Treason
51:26 Herbal Medicine
50:55 Heavy Cavalry Archer
52:11 Ring Archer Armor
51:51 Thumb Ring
Gerrit van Rivia
8:02 Loom
12:02 Feudal Age
13:05 Double-Bit Axe
17:34 Castle Age
15:39 Champi Runner
16:30 Scale Mail Armor
18:48 Champi Warrior
20:43 Forging
22:55 Iron Casting
23:47 Chain Mail Armor
23:25 Arson
28:16 Wheelbarrow
27:26 Town Watch
28:03 Bow Saw
27:34 Horse Collar
27:45 Gold Mining
30:11 Heavy Plow
32:31 Stone Mining
34:01 Hand Cart
33:51 Town Patrol
41:53 Imperial Age
43:17 Plate Mail Armor
43:36 Elite Champi Warrior
49:13 Crop Rotation
50:09 Blast Furnace
49:04 Spies/Treason
Connection lost

Rejoining the realm…

Still unreachable

The connection could not be restored.

Session expired

The server has moved on; the page needs a fresh start.